 Dungeon Crawl Stone Soup version 0.18.1-5-g4a78601 (webtiles) character file.

46 jacquesderrida the Poker (level 3, 4/27 HPs)
             Began as a Demonspawn Skald on May 14, 2016.
             Quit the game on level 2 of the Dungeon.
             The game lasted 00:00:57 (1144 turns).

jacquesderrida the Poker (Demonspawn Skald)         Turns: 1144, Time: 00:00:58

Health: 4/27       AC:  4    Str: 12    XL:     3   Next: 44%
Magic:  6/6        EV: 11    Int: 13    God:
Gold:   64         SH:  0    Dex: 13    Spells: 1 memorised, 5 levels left

rFire  + . .     SeeInvis .     a - +0 spear
rCold  x . .     Gourm    .     b - +0 leather armour
rNeg   . . .     Faith    .     (no shield)
rPois  .         Spirit   .     (no helmet)
rElec  .         Dismiss  .     (no cloak)
rCorr  .         Reflect  .     (no gloves)
SustAt .         Harm     .     (no boots)
MR     .....                    (no amulet)
Stlth  +.........               (no ring)
                                k - ring of fire

@: very slightly contaminated, not resistant to hostile enchantments, very
unstealthy
A: icy blue scales 1, rot immunity
a: no special abilities


You were on level 2 of the Dungeon.
You were very hungry.

You visited 1 branch of the dungeon, and saw 2 of its levels.

You collected 64 gold pieces.

Inventory:

Hand Weapons
 a - a +0 spear (weapon)
Armour
 b - a +0 leather armour (worn)
Jewellery
 k - a ring of fire (left hand)
Scrolls
 f - 3 scrolls of remove curse {unknown}
 g - 2 scrolls of amnesia {unknown}
 h - a scroll of immolation {unknown}
 j - a scroll of enchant armour {unknown}
 m - a scroll of magic mapping {unknown}
Potions
 l - a potion of lignification {unknown}
Books
 c - a book of Battle

   Spells                             Type                      Level
   a - Infusion                       Charms                       1
   b - Shroud of Golubria             Charms/Translocation         2
   c - Song of Slaying                Charms                       2
   d - Spectral Weapon                Hexes/Charms                 3
   e - Regeneration                   Charms/Necromancy            3
Comestibles
 d - a bread ration
 i - a meat ration


   Skills:
 - Level 2.0 Fighting
 + Level 3.5 Polearms
 - Level 0.8 Armour
 - Level 0.8 Dodging
 - Level 2.0 Spellcasting
 - Level 2.6 Charms


You had 5 spell levels left.
You knew the following spells:

 Your Spells              Type           Power        Failure   Level  Hunger
a - Infusion              Chrm           #...         12%         1    ##.....


Dungeon Overview and Level Annotations

Branches:
Dungeon (2/15)

Altars:


Innate Abilities, Weirdness & Mutations

You are partially covered in icy blue scales (AC +1).
You are immune to rotting.


Message History

Terence is severely wounded.
You are feeling very hungry.
Terence hits you but does no damage.
You hit Terence.
Terence is almost dead.
You completely miss Terence.
Terence is almost dead.
Terence completely misses you.
You hit Terence.
You kill Terence!
Your Polearms skill increases to level 3!
You have reached level 3!
Your experience leads to an increase in your attributes!
Increase (S)trength, (I)ntelligence, or (D)exterity?
You feel agile.
Your demonic ancestry asserts itself...
You feel immune to rotting.
You feel yourself slow down.
Things that are here:
a hand axe of flaming; a chain mail; the human corpse of Terence Are you sure you want to abandon this character and quit the game? (Confirm with "yes".)

†#........######.## #.# ..#
.##.####### #..# #.# #.#
......# ####.# #.# #.#
......########....######.####.#
.............................>#
#.....######.#.....##########(#
#.....# #.#<..#..#########.###
#.....# #.###.##..............
#>....# #.# #@##.#########.###
#.....# #.# #.##.....#........
#.....# #.###..(...# #.###.###
####### #..........#.# #.# #
########.....# #.# #
.......)..#.# #.# # ..........#
# ..... ............ .....
...........## .....


There were no monsters in sight!

Vanquished Creatures
  Terence (D:2)
  A dart slug (D:1)
  A worm (D:2)
  A giant gecko (D:1)
  2 bats (D:2)
  4 hobgoblins
  3 giant newts
  A kobold (D:1)
  3 rats
17 creatures vanquished.

Notes
Turn   | Place    | Note
--------------------------------------------------------------
     0 | D:1      | jacquesderrida the Demonspawn Skald began the quest for the Orb.
     0 | D:1      | Reached XP level 1. HP: 16/16 MP: 3/3
    68 | D:1      | Reached skill level 2 in Polearms
   452 | D:1      | Gained mutation: You are partially covered in icy blue scales (AC +1). [demonic ancestry]
   452 | D:1      | Reached XP level 2. HP: 7/22 MP: 5/5
  1090 | D:2      | Noticed Terence
  1142 | D:2      | Killed Terence
  1142 | D:2      | Reached skill level 3 in Polearms
  1142 | D:2      | Gained mutation: You are immune to rotting. [demonic ancestry]
  1142 | D:2      | Reached XP level 3. HP: 4/27 MP: 6/6
  1144 | D:2      | Quit the game

Skill      XL: |  1  2 |
---------------+-------+-----
Polearms       | 2 3 |  3.5
Fighting       | |  2.0
Armour         | |  0.8
Dodging        | |  0.8
Spellcasting   | |  2.0
Charms         | |  2.6

Action                   || total
-------------------------++-------
Melee: Spear             ||   126
  Use: Potion            ||     1
Armor: Leather armour    ||    34
Dodge: Dodged            ||    47
